 Dungeon Crawl Stone Soup version 0.17-a0-2215-g49c1de0 (webtiles) character file.

6941 nicanaca0 the Severer (level 10, -2/89 HPs)
             Began as a Minotaur Berserker on Oct 27, 2015.
             Was a High Priest of Trog.
             Slain by a killer bee (5 damage)
             ... on level 10 of the Dungeon.
             The game lasted 00:20:08 (8475 turns).

nicanaca0 the Severer (Minotaur Berserker)          Turns: 8475, Time: 00:20:09

Health: -2/89      AC: 14    Str: 22    XL:     10   Next: 80%
Magic:  9/9        EV: 11    Int:  6    God:    Trog [*****.]
Gold:   351        SH:  0    Dex: 19    Spells: 0 memorised, 9 levels left

rFire  . . .     SeeInvis .     I - +10 executioner's axe of the Cup {flame, *Contam rElec Dex+6}
rCold  . . .     Clarity  .     o - +0 scale mail
rNeg   . . .     SustAt   +     (no shield)
rPois  .         Gourm    .     (helmet restricted)
rElec  +         Spirit   .     x - +1 cloak {+Inv}
rCorr  .         Warding  .     s - +0 pair of gloves
rMut   .         Stasis   .     b - +1 pair of boots {Fly}
MR     ++...                    (no amulet)
Stlth  ..........               G - +2 ring of intelligence
                                j - ring of sustain attributes

@: lethally poisoned (-2 -> -3), regenerating, very resistant to hostile
enchantments, extremely unstealthy
A: retaliatory headbutt, horns 2
a: Berserk, Trog's Hand, Brothers in Arms, Burn Spellbooks, Renounce Religion,
Evoke Invisibility, Evoke Flight


You were on level 10 of the Dungeon.
You worshipped Trog.
Trog was extremely pleased with you.
You were not hungry.

You visited 1 branch of the dungeon, and saw 10 of its levels.
You also visited: Bailey.

You collected 585 gold pieces.
You spent 234 gold pieces at shops.

Inventory:

Hand Weapons
 a - a +0 battleaxe
 p - the +7 great mace "Undeadhunter" {disrupt, rN+}
   (You took it off an orc wizard on level 8 of the Dungeon)

   It protects you from negative energy.
 I - the +10 executioner's axe of the Cup (weapon) {flame, *Contam rElec Dex+6}
   (Trog gifted it to you on level 7 of the Dungeon)

   It has been specially enchanted to burn those struck by it, causing extra
   injury to most foes and up to half again as much damage against particularly
   susceptible opponents.
   Big, fiery blades are also staple armaments of hydra-hunters.
   It affects your dexterity (+6).
   It insulates you from electricity.
   It causes magical contamination when unequipped.
 P - a +2 glaive of venom
 Q - a cursed -1 war axe
 S - a +2 hand axe of freezing
 W - a +1 battleaxe
 X - a +3 hand axe
Missiles
 y - 2 throwing nets (quivered)
 R - 38 tomahawks of returning
Armour
 b - a +1 pair of boots of flying (worn)
 o - a +0 scale mail (worn)
 s - a +0 pair of gloves (worn)
 x - a +1 cloak of invisibility (worn)
Jewellery
 j - a ring of sustain attributes (left hand)
 G - a +2 ring of intelligence (right hand)
 U - a cursed ring of teleportation {unknown}
 V - an uncursed ring of positive energy {unknown}
Wands
 F - a wand of draining (3)
 T - a wand of magic darts (22)
Scrolls
 e - 3 scrolls of fear {unknown}
 f - a scroll of immolation {unknown}
 i - 3 scrolls of remove curse
 k - 3 scrolls of teleportation {unknown}
 m - 3 scrolls of amnesia {unknown}
 q - 4 scrolls of identify {unknown}
 r - 2 scrolls of noise {unknown}
 t - a scroll of vulnerability {unknown}
 u - 4 scrolls of magic mapping {unknown}
 v - 3 scrolls of enchant weapon {unknown}
 D - a scroll of recharging {unknown}
 N - a scroll of enchant armour {unknown}
 O - a scroll of silence {unknown}
Potions
 g - a potion of lignification {unknown}
 h - 8 potions of curing
 l - a potion of resistance {unknown}
 w - a potion of magic {unknown}
 z - 6 potions of heal wounds
 A - a potion of berserk rage
 B - a potion of degeneration {unknown}
 C - 2 potions of brilliance {unknown}
 J - a potion of might
 K - a potion of poison
 L - 3 potions of flight
 M - a potion of cure mutation {unknown}
Comestibles
 c - 6 bread rations
 d - a slice of pizza
 n - 28 fruits
 E - a meat ration
 H - 2 beef jerkies


   Skills:
 + Level 8.3 Fighting
 * Level 16.2 Axes
 + Level 7.4 Armour
 - Level 2.1 Dodging


You had 9 spell levels left.
You didn't know any spells.

Dungeon Overview and Level Annotations

Branches:
Dungeon (10/15)            Temple (0/1) D:4
   Lair: D:8-11         Orc: D:9-12

Altars:
Cheibriados
Dithmenos
Elyvilon
Fedhas
Kikubaaqudgha
Nemelex Xobeh
Okawaru
Trog
Zin

Shops:
D:7 !!


Innate Abilities, Weirdness & Mutations

You reflexively headbutt those who attack you in melee.
You have a pair of horns on your head.


Message History

Unknown command.
You slice the komodo dragon!! You burn the komodo dragon!
You kill the komodo dragon!
Trog accepts your kill.
Your life force feels restored.
You miss the killer bee. You slash the killer bee! You burn the killer bee.
You kill the killer bee!
Trog accepts your kill.
You feel very sick. The killer bee closely misses you.
The killer bee stings you but does no damage.
The killer bee barely misses you.
A black bear comes into view.
You barely miss the killer bee. You slash the killer bee!
You burn the killer bee.
The killer bee is almost dead.
You feel sick.
The killer bee stings you but does no damage.
The killer bee stings you.
You die...

#.....+..... .....+
+.....#..... #....#
#.....#..... #....#
#.....#..... +..$..
#.....#.....
#....##+##.....'.....
..##....##..#.....#.[...
......y†....#.†...#.....
(.h...y@$...+.....#.[...
..###+####.##.....#...##
##.#....####'###
#..#....#.....#.
#..'....#.....#.
#..#....+.....'.
+..#....#.....#.
#..#....#+######
#..#...... ##


You could see a black bear and 2 killer bees.

Vanquished Creatures
  Pikel (D:4)
  A hill giant (D:10)
  A komodo dragon (D:10)
  A troll (D:9)
  A hungry ghost (D:8)
  A hippogriff (D:8)
  3 ice beasts
  A black bear (D:9)
  3 sky beasts
  6 ogres
  6 orc warriors
  4 centaurs
  Blork the orc (D:4)
  2 big kobolds (D:9)
  2 giant frogs (D:7)
  A wyvern zombie (D:9)
  3 scorpions
  16 wights
  4 killer bees (D:10)
  4 electric eels (D:9)
  2 quasits (D:8)
  A wasp zombie (D:9)
  2 giant frog zombies
  4 crimson imps
  4 hounds
  2 centaur zombies
  Crazy Yiuf (D:3)
  Ijyb (D:3)
  4 orc priests
  2 giant frog skeletons
  A jelly (D:9)
  Terence (D:3)
  A centaur skeleton (D:4)
  15 orc wizards
  4 iguanas
  2 worker ants (D:4)
  The ghost of nicanaca0 the Chopper, a weakling MiBe of Trog (D:4)
  A hound zombie (D:8)
  16 gnolls
  2 shadow imps
  9 adders
  2 oozes
  An adder skeleton (D:9)
  2 adder zombies
  A worm (D:2)
  25 orcs
  A ball python (D:1)
  12 bats
  8 giant cockroaches
  14 hobgoblins
  5 jackals
  5 quokkas
  5 giant geckos
  3 giant gecko skeletons
  3 giant newts
  8 goblins
  A jackal skeleton (D:4)
  28 kobolds
  4 rats
266 creatures vanquished.

Vanquished Creatures (others)
  A centaur (D:4)
  A worker ant (D:4)
2 creatures vanquished.

Grand Total: 268 creatures vanquished

Notes
Turn   | Place    | Note
--------------------------------------------------------------
     0 | D:1      | nicanaca0 the Minotaur Berserker began the quest for the Orb.
     0 | D:1      | Reached XP level 1. HP: 19/19 MP: 0/0
    59 | D:1      | Reached skill level 4 in Axes
   105 | D:1      | Reached XP level 2. HP: 13/26 MP: 1/1
   495 | D:1      | Reached ** piety under Trog
   643 | D:1      | Reached skill level 5 in Axes
   761 | D:2      | Reached XP level 3. HP: 25/31 MP: 2/2
  1386 | D:2      | Reached XP level 4. HP: 27/39 MP: 3/3
  1422 | D:2      | Reached skill level 6 in Axes
  1890 | D:3      | Noticed Ijyb
  1904 | D:3      | Killed Ijyb
  1917 | D:3      | Noticed Terence
  1929 | D:3      | Killed Terence
  1929 | D:3      | Reached skill level 7 in Axes
  1929 | D:3      | Reached XP level 5. HP: 43/45 MP: 4/4
  1986 | D:3      | Reached *** piety under Trog
  2145 | D:3      | Found a sparkling altar of Nemelex Xobeh.
  2253 | D:3      | Reached skill level 8 in Axes
  2477 | D:3      | Noticed Crazy Yiuf
  2490 | D:3      | Killed Crazy Yiuf
  2490 | D:3      | Reached XP level 6. HP: 51/51 MP: 5/5
  2664 | D:4      | Found a staircase to the Ecumenical Temple.
  2667 | D:4      | Noticed Blork the orc
  2681 | D:4      | Killed Blork the orc
  2681 | D:4      | Reached skill level 9 in Axes
  2716 | D:4      | Noticed nicanaca0's ghost (weakling MiBe)
  2730 | D:4      | Killed nicanaca0's ghost
  2952 | D:4      | Noticed Pikel
  2961 | D:4      | Killed Pikel
  2961 | D:4      | Reached skill level 11 in Axes
  2961 | D:4      | Reached XP level 7. HP: 57/57 MP: 6/6
  3036 | D:4      | Reached XP level 8. HP: 64/64 MP: 7/7
  3196 | D:4      | Found a blossoming altar of Fedhas.
  3199 | D:4      | Found an ancient bone altar of Kikubaaqudgha.
  3402 | D:5      | Entered Level 5 of the Dungeon
  3467 | D:5      | Reached skill level 12 in Axes
  3677 | D:5      | Reached **** piety under Trog
  3689 | D:5      | Found a glowing silver altar of Zin.
  3970 | D:5      | Reached skill level 13 in Axes
  4253 | D:5      | Found a sparkling altar of Nemelex Xobeh.
  4419 | D:6      | Reached XP level 9. HP: 71/71 MP: 8/8
  4424 | D:6      | Found a white marble altar of Elyvilon.
  4693 | D:6      | You fall through a shaft!
  4711 | D:7      | Reached skill level 14 in Axes
  4768 | D:7      | Reached skill level 5 in Fighting
  4884 | D:6      | Found a shadowy altar of Dithmenos.
  4930 | D:6      | Found a snail-covered altar of Cheibriados.
  5026 | D:6      | Found an iron altar of Okawaru.
  5030 | D:6      | Reached ***** piety under Trog
  5133 | D:6      | Found a bloodstained altar of Trog.
  5421 | D:7      | Found Paepp's Distillery.
  5439 | D:7      | Received a gift from Trog
  5439 | D:7      | Reached skill level 5 in Armour
  5460 | D:7      | Got a scorched executioner's axe {god gift}
  5599 | D:7      | Identified the +10 executioner's axe of the Cup {flame, *Contam rElec Dex+6} (Trog gifted it to you on level 7 of the Dungeon)
  5605 | D:7      | Bought a potion of curing for 39 gold pieces
  5605 | D:7      | Bought a potion of might for 52 gold pieces
  5605 | D:7      | Bought a potion of poison for 13 gold pieces
  5605 | D:7      | Bought a potion of heal wounds for 65 gold pieces
  5841 | D:7      | Found Odwyg's Distillery.
  5847 | D:7      | Bought a potion of berserk rage for 65 gold pieces
  6069 | D:8      | Reached skill level 15 in Axes
  6070 | D:8      | Reached XP level 10. HP: 61/84 MP: 9/9
  6943 | D:9      | Found a flagged portal.
  6952 | Bailey   | Entered a bailey
  7209 | Bailey   | Received a gift from Trog
  8281 | D:10     | Entered Level 10 of the Dungeon
  8344 | D:10     | Noticed a hill giant
  8346 | D:10     | Killed a hill giant
  8346 | D:10     | Reached skill level 16 in Axes
  8474 | D:10     | HP: 4/89 [poisoned by a killer bee]
  8475 | D:10     | Slain by a killer bee

Vault maps used:
D:1:      dpeg_arrival_radiant
D:3:      first_bread, nemelex_spade_bored_becter, uniq_crazy_yiuf_cottage,
          uniq_terence, uniq_iyjb
D:4:      grunt_temple_overflow_growth_and_decay,
          minmay_temple_entry_large_hall, hex_tiny, uniq_blork_the_orc,
          uniq_pikel
D:5:      nemelex_deck, old_standard_altar
D:6:      lemuel_doored_altar, okawaru_altar_gauntlet_db, elyvilon_altar_5,
          lightli_temple_of_fire, grunt_dithmenos_smoke
D:7:      serial_shops, shop, shop
D:9:      enter_bailey_2, serial_bayou_ford_a, blue_anna_alchemist,
          serial_bayou_pond_c, water_maze_lemuel
D:10:     lair_0_dummy
Bailey:   bailey_axe_4, bailey

Action                   |  1- 3 |  4- 6 |  7- 9 | 10-12 || total
-------------------------+-------+-------+-------+-------++-------
Melee: Hand axe          |    90 |   163 |   133 |       ||   386
       Battleaxe         |       |       |    19 |       ||    19
       War axe           |       |       |   142 |       ||   142
       Executioner's axe |       |       |    11 |   116 ||   127
Invok: Berserk           |       |     3 |     3 |       ||     6
       Trog's Hand       |       |     1 |     2 |     2 ||     5
       Burn Spellbooks   |       |       |       |     1 ||     1
 Abil: Stop Flying       |       |       |       |     2 ||     2
       Evoke Flight      |       |       |       |     1 ||     1
  Use: Scroll            |       |     1 |     1 |       ||     2
       Potion            |       |       |       |     2 ||     2
  Eat: Chunk             |     2 |     7 |     7 |     8 ||    24
       Meat ration       |       |       |     1 |     1 ||     2
       Beef jerky        |       |       |     1 |       ||     1
